AoeStats
← TrCL.miked12321

Golden Pit

508710480Analyzed
1v1 RM · 8d ago on Sep 23, 2026· 41m 0s· 2 players
Game mode
Random Map
Map size
Tiny (2 player)
Population
200
Speed
Normal
Resources
Standard
Victory
Conquest
Starting age
Dark Age
Ending age
Imperial Age
RankedLock teamsTeams togetherTeam positionsShared explorationLock speedFull tech treeHidden civsTurbo modeCheats
Victory
Defeat
🇺🇸 Malians · United States
1442
+13
🇲🇽 Vikings · Mexico
1380
-13
TrCL.miked12321
6:55 Loom
12:28 Feudal Age
17:01 Castle Age
15:18 Double-Bit Axe
16:33 Horse Collar
22:17 Scale Mail Armor
27:37 Fletching
28:21 Chain Mail Armor
28:16 Forging
28:25 Bodkin Arrow
34:55 Imperial Age
36:09 Iron Casting
36:56 Chemistry
Antonio El Conquistador
13:19 Feudal Age
14:17 Double-Bit Axe
15:01 Loom
15:45 Fletching
19:56 Castle Age
18:43 Horse Collar
20:58 Bow Saw
20:29 Crossbowman
22:43 Bodkin Arrow
23:54 Scale Barding Armor
27:17 Chain Barding Armor
27:37 Town Watch
28:40 Padded Archer Armor
28:59 Heavy Plow
29:21 Gold Mining
33:38 Imperial Age
32:31 Ballistics
34:40 Bracer
36:15 Murder Holes
38:57 Leather Archer Armor
40:51 Elite Skirmisher
Connection lost

Rejoining the realm…

Still unreachable

The connection could not be restored.

Session expired

The server has moved on; the page needs a fresh start.